Map: Odyssey LE

Players

Snute - Winner!

  • Race: Zerg Zerg
  • Spawn Location: 11:00

Botvinnik

  • Race: Terran Terran
  • Spawn Location: 5:00

Event: WCS Valencia 2017

VOD

Have the link to the VOD?

Description

Time

  • Played on: July 13, 2017, 9:34 a.m.
  • Length: 12:52

All games in this series

Show
View Real Time Build Order
Export as new Build Order

Snute Zerg - Winner!

Build Orders: Pool First 

Get SALT Encoding   

  12  0:00  Drone  
  13  0:12  Overlord  
  13  0:16  Drone  
  14  0:30  Drone x2  
  14  0:34  Drone  
  17  0:44  Spawning Pool  
  17  0:47  Drone  
  17  1:08  Hatchery  
  17  1:11  Drone  
  17  1:14  Drone  
  17  1:18  Extractor, Drone  
  18  1:31  Queen  
  18  1:32  Zergling x2  
  21  1:39  Overlord  
  21  1:49  Drone  
  22  2:00  Drone  
  23  2:06  Queen  
  25  2:11  Drone  
  26  2:18  Metabolic Boost  
  26  2:20  Queen  
  26  2:21  Drone  
  26  2:22  Drone  
  30  2:32  Drone x2  
  32  2:37  Overlord  
  32  2:38  Drone x2  
  32  2:42  Drone  
  35  2:45  Drone  
  36  2:52  Overlord  
  36  2:55  Drone  
  36  3:08  Queen  
  38  3:13  Hatchery  
  38  3:14  Drone  
  38  3:15  Drone  
  38  3:18  Drone x3  
  42  3:23  Zergling x6  
  45  3:27  Zergling x2  
  46  3:35  Queen, Overlord  
  46  3:41  Drone  
  49  3:45  Drone  
  49  3:47  Drone  
  49  3:48  Drone  
  52  3:50  Overlord  
  52  3:53  Queen  
  54  4:06  Drone, Overlord  
  54  4:07  Drone  
  55  4:10  Drone x2  
  55  4:11  Queen  
  55  4:12  Drone  
  60  4:17  Drone x2  
  60  4:19  Overlord  
  62  4:24  Extractor  
  62  4:26  Drone  
  62  4:27  Drone x4  
  62  4:28  Queen, Drone  
  62  4:31  Spore Crawler  
  68  4:34  Spore Crawler  
  68  4:37  Drone x3  
  68  4:44  Drone  
  69  4:48  Drone x2  
  70  4:53  Zergling x2  
  70  4:55  Spore Crawler  
  70  5:00  Evolution Chamber x2  
  70  5:05  Queen x2  
  70  5:06  Queen  
  74  5:07  Spore Crawler  
  73  5:15  Drone x5  
  73  5:16  Extractor, Drone  
  73  5:17  Extractor  
  73  5:20  Extractor x2, Drone x2  
  77  5:24  Drone  
  77  5:25  Drone x3  
  81  5:30  Zerg Ground Armor Level 1  
  81  5:32  Zerg Missile Weapons Level 1  
  81  5:34  Drone  
  82  5:39  Overlord  
  82  5:46  Lair  
  82  5:53  Drone x3  
  81  6:00  Drone x3  
  81  6:01  Drone x5  
  88  6:08  Zergling x4  
  88  6:09  Overlord x3  
  90  6:15  Overlord  
  89  6:22  Roach Warren  
  89  6:24  Baneling Nest  
  88  6:32  Zergling x2  
  88  6:33  Zergling x16  
  88  6:34  Hatchery, Zergling x2  
  88  6:36  Drone  
  88  6:37  Drone  
  97  6:40  Drone x3  
  97  6:41  Drone  
  97  6:45  Drone  
  100  6:48  Drone  
  99  6:57  Drone x4  
  99  6:58  Drone x4  
  105  7:05  Glial Reconstitution  
  105  7:08  Centrifical Hooks  
  105  7:11  Infestation Pit  
  101  7:19  Roach x5  
  101  7:20  Roach x4  
  115  7:23  Drone  
  115  7:25  Zerg Ground Armor Level 2  
  115  7:31  Spire  
  114  7:43  Zergling x16  
  122  7:49  Hive  
  122  8:01  Overlord x2  
  122  8:03  Ravager x6  
  122  8:04  Hatchery  
  127  8:13  Overlord  
  127  8:15  Overlord x2  
  127  8:17  Zerg Melee Weapons Level 1  
  127  8:20  Drone x3  
  127  8:21  Drone x2  
  127  8:22  Drone  
  127  8:23  Drone  
  127  8:26  Infestor x3  
  140  8:31  Drone x5  
  142  8:39  Drone x2  
  136  8:41  Zergling x8  
  136  8:44  Roach x6  
  151  9:01  Extractor  
  148  9:03  Ultralisk Cavern  
  146  9:12  Zergling x28  
  146  9:13  Burrow  
  146  9:14  Overlord  
  146  9:15  Overlord  
  160  9:31  Zergling x16  
  160  9:37  Hatchery  
  166  9:41  Zerg Flyer Armor Level 1  
  166  9:43  Zerg Ground Armor Level 3, Adrenal Glands  
  166  9:48  Corruptor x5  
  166  9:50  Chitinous Plating  
  166  9:51  Ultralisk  
  182  10:01  Pneumatized Carapace  
  182  10:03  Ultralisk  
  187  10:14  Zerg Melee Weapons Level 2  
  187  10:20  Zergling x6  
  183  10:33  Roach  
  183  10:34  Roach x9  
  167  10:36  Ultralisk  
  156  10:55  Zergling x2  
  156  10:56  Zergling x44  
  175  11:17  Hatchery, Zergling x8  
  175  11:18  Zergling x10  
  182  11:25  Overlord x3  
  179  11:36  Corruptor  
  180  11:45  Corruptor x4  
  175  12:05  Ultralisk x2  
  185  12:15  Zergling x14  
  186  12:16  Zergling x18  
Show
View Real Time Build Order
Export as new Build Order

Botvinnik Terran 

Build Orders: Reaper Expand, MMM Bio, Banshee Rush 

Get SALT Encoding   

  12  0:00  SCV  
  13  0:12  SCV  
  14  0:17  Supply Depot  
  14  0:25  SCV  
  15  0:28  Refinery  
  15  0:38  SCV  
  16  0:44  Barracks  
  16  0:51  SCV  
  17  1:03  SCV  
  18  1:15  SCV  
  19  1:30  Orbital Command  
  19  1:31  Reaper  
  20  1:42  Command Center  
  20  1:52  Factory  
  20  1:57  SCV  
  21  2:03  Supply Depot  
  21  2:07  Barracks Reactor  
  21  2:09  SCV  
  21  2:14  Refinery  
  22  2:21  SCV  
  23  2:35  SCV  
  23  2:41  Hellion  
  23  2:42  Starport  
  25  2:44  Marine x2  
  25  2:48  SCV  
  28  3:01  SCV  
  29  3:15  SCV, Barracks Tech Lab  
  30  3:25  Hellion x2, Orbital Command  
  34  3:28  SCV, Supply Depot  
  35  3:40  SCV, Banshee  
  39  3:41  Barracks Tech Lab  
  39  3:42  Cloaking Field  
  39  3:50  SCV  
  39  3:52  SCV  
  39  3:55  Hellion x2  
  45  4:02  SCV  
  45  4:04  SCV  
  45  4:07  Supply Depot  
  46  4:14  SCV  
  46  4:16  SCV  
  48  4:25  Command Center  
  48  4:26  Banshee  
  50  4:32  SCV x2  
  50  4:34  Factory Reactor  
  52  4:40  Marine  
  52  4:41  Stimpack  
  52  4:44  SCV x2  
  55  4:59  Marine  
  56  5:03  SCV x2  
  56  5:05  Barracks  
  56  5:06  Supply Depot  
  58  5:07  Barracks  
  58  5:18  SCV x2  
  58  5:20  Refinery  
  58  5:21  Engineering Bay, Factory Reactor  
  60  5:23  Engineering Bay, Refinery  
  60  5:24  Starport Reactor  
  60  5:27  Marine  
  61  5:30  SCV, Supply Depot  
  61  5:31  SCV  
  63  5:39  Orbital Command  
  63  5:42  SCV  
  63  5:43  SCV  
  63  5:47  Marine  
  66  5:54  Barracks  
  66  5:55  SCV x2, Marine  
  66  5:56  Marine  
  70  5:57  Barracks  
  70  6:04  Marine  
  70  6:05  Terran Infantry Armor Level 1  
  70  6:06  Terran Infantry Weapons Level 1  
  70  6:10  SCV x2  
  73  6:16  Marine x3  
  73  6:22  Orbital Command, SCV  
  74  6:28  Marine x2  
  74  6:31  SCV  
  77  6:35  SCV, Bunker  
  77  6:36  Supply Depot  
  78  6:41  Marine  
  78  6:42  Marine  
  78  6:44  Marine  
  78  6:45  Barracks Reactor, Medivac x2  
  85  6:47  Barracks Reactor, SCV x2  
  85  6:48  SCV  
  88  6:59  Marine  
  88  7:00  Marine x2  
  89  7:01  Supply Depot  
  89  7:05  SCV x3, Supply Depot  
  92  7:13  Marine  
  92  7:14  Marine  
  86  7:17  SCV  
  86  7:22  Marine x2  
  87  7:25  SCV x2  
  87  7:27  Marine  
  87  7:28  Marine x2, Combat Shields  
  87  7:29  Medivac x2  
  96  7:30  Widow Mine x2  
  96  7:31  Marine  
  102  7:37  SCV x2, Supply Depot  
  102  7:39  Supply Depot x2  
  102  7:41  Refinery  
  102  7:42  Marine x4  
  107  7:44  Marine  
  107  7:45  Marine  
  107  7:46  Factory  
  107  7:48  Armory  
  109  7:54  Marine x2  
  111  8:00  SCV  
  111  8:01  SCV x2  
  111  8:03  Marine x7, Supply Depot  
  111  8:04  Widow Mine x2  
  125  8:09  Medivac x2  
  129  8:13  Supply Depot  
  129  8:16  Marine x2  
  131  8:21  Marine x3  
  131  8:26  Marine  
  131  8:27  Marine x3  
  135  8:33  Marine  
  135  8:37  Siege Tank  
  132  8:42  Marine x2  
  132  8:43  Terran Infantry Armor Level 2, Terran Infantry Weapons Level 2  
  132  8:44  Marine x2  
  132  8:45  Marauder, Factory Tech Lab  
  138  8:55  Marine x3  
  140  8:56  Medivac x2  
  140  8:58  Marine  
  140  9:00  Marine  
  140  9:01  Supply Depot x2  
  147  9:07  Marauder  
  140  9:11  Marine x3  
  140  9:12  Siege Tank x2  
  148  9:17  Marine x3  
  148  9:18  Marine  
  148  9:22  Marine  
  153  9:26  Medivac x2  
  153  9:28  Marauder, Command Center  
  152  9:32  Marine x3  
  152  9:35  Marine  
  152  9:37  Marine x2  
  152  9:38  Marine  
  159  9:45  Marine  
  159  9:49  Siege Tank x2, Marauder  
  159  9:50  Marine  
  169  9:53  Marine x3  
  169  9:55  Marine  
  169  9:56  Supply Depot  
  173  10:01  Supply Depot x2  
  173  10:17  Marine x4  
  173  10:18  Marauder  
  173  10:19  Marine  
  173  10:20  Marine  
  181  10:22  Marine x2, Supply Depot  
  181  10:23  Supply Depot  
  181  10:27  Liberator x2  
  182  10:33  Siege Tank x2  
  174  10:35  Marine x4  
  174  10:37  Marine x2  
  174  10:39  Marauder  
  159  11:01  Marauder, Starport  
  159  11:02  Starport  
  159  11:03  Starport  
  161  11:19  Barracks  
  161  11:20  Barracks  
  161  11:22  Liberator x2  
  143  11:35  Marauder  
  143  11:38  Barracks  
  150  11:58  Marauder, Marine x2  
  134  12:09  Marine x3  
  134  12:10  Marine x2, Barracks Tech Lab  
  134  12:11  Marine, Barracks Tech Lab  
  134  12:13  Medivac  
  109  12:19  Marine x2  
  109  12:20  Marauder  
Tags
 
Add a new tag
Caveats
  • Supply blocks, unpowered buildings, or Contaminate may cause inaccurate times.
  • Supply counts are checked every 10 seconds.